[Event "Team 45 45 League T30"]
[Site "Internet Chess Club"]
[Date "2006.04.28"]
[Round "6"]
[White "Midwest-Rook"]
[Black "klt713"]
[Result "0-1"]
[WhiteElo "1250"]
[BlackElo "1353"]
[TimeControl "2700+45"]

1. e4 e5 2. Bc4 Nf6 3. Nf3 Nc6 4. Ng5 d5 5. exd5 Nxd5 6. Qf3 Be6 7. Nxe6 fxe6 8.
Bb5 g6 9. Bxc6+ bxc6 10. Nc3 Bc5 11. Ne4 Rf8 12. Qg3 Bd6 13. d3 Qd7 14. a3 O-O-O
15. c4 Nf4 16. O-O Ne2+ {White resigns} 0-1

[Event "Team 45 45 League T30"]
[Site "Internet Chess Club"]
[Date "2006.04.29"]
[Round "6"]
[White "ffplayer"]
[Black "rpgrossman"]
[Result "1-0"]
[WhiteElo "1151"]
[BlackElo "1073"]
[TimeControl "2700+45"]

1. d4 Nf6 2. c4 g6 3. Nc3 c6 4. e4 d5 5. e5 Ne4 6. Nf3 Bg4 7. Be2 Nxc3 8. bxc3
Bxf3 9. Bxf3 dxc4 10. O-O Qa5 11. Qc2 e6 12. Be2 Qb5 13. Rb1 Qa6 14. Bd1 b5 15.
Bf3 Ba3 16. Bxa3 Qxa3 17. Ra1 b4 18. cxb4 Qxb4 19. Rfb1 Qe7 20. Qxc4 O-O 21.
Bxc6 Qc7 22. Rc1 Rc8 23. Qa4 Qxc6 24. Rxc6 Rxc6 25. Qd1 Nd7 26. g3 Rd8 27. Rc1
Nxe5 28. Rxc6 Nxc6 29. Qa4 Nxd4 30. Qxa7 Nf3+ 31. Kg2 Ne1+ 32. Kh3 Nd3 33. a4
Ne1 34. a5 Rd5 35. a6 Rh5+ 36. Kg4 f5+ 37. Kf4 Ng2+ 38. Ke5 f4+ 39. Kd6 fxg3 40.
hxg3 e5 41. Qb8+ Kg7 42. a7 g5 43. Qb7+ Kg6 44. Qxg2 Rh6 45. Kxe5 {Black
resigns} 1-0  aics%

[Event "Team 45 45 League T30"]
[Site "Internet Chess Club"]
[Date "2006.05.01"]
[Round "6"]
[White "gartman"]
[Black "ElmerHo"]
[Result "1-0"]
[WhiteElo "1655"]
[BlackElo "1611"]
[TimeControl "2700+45"]

1. e4 c5 2. Nf3 Nc6 3. d4 cxd4 4. Nxd4 Nf6 5. Nc3 e5 6. Ndb5 d6 7. Bg5 a6 8. Na3
b5 9. Nd5 Be7 10. Bxf6 Bxf6 11. c3 Ne7 12. Nxf6+ gxf6 13. Qf3 f5 14. Bd3 Bb7 15.
O-O-O b4 16. cxb4 Qb6 17. Nc2 Rc8 18. Kb1 f4 19. h4 h5 20. g4 hxg4 21. Qxg4 Qxf2
22. b5 f5 23. exf5 Bxh1 24. f6 Qf3 25. Bg6+ Kf8 26. fxe7+ Kxe7 27. Qg5+ Kd7 28.
Bf5+ Kc7 29. Qe7+ Kb6 30. Rxd6+ Ka5 31. Rxa6+ {Black resigns} 1-0  aics% 
ATHENNA22(71): GOOD BYE JENY aics%

[Event "Team 45 45 League T30"]
[Site "Internet Chess Club"]
[Date "2006.04.30"]
[Round "6"]
[White "Spirou"]
[Black "Fegary"]
[Result "1-0"]
[WhiteElo "1686"]
[BlackElo "1572"]
[TimeControl "2700+45"]

1. e4 d6 2. d4 Nf6 3. Nc3 g6 4. Bg5 Bg7 5. Qd2 h6 6. Bf4 c6 7. f3 b5 8. O-O-O
Qa5 9. Kb1 b4 10. Nce2 Be6 11. b3 Na6 12. g4 Nd7 13. d5 Qa3 14. Qc1 cxd5 15.
Qxa3 bxa3 16. Nd4 dxe4 17. Bxa6 exf3 18. Nxe6 fxe6 19. Nxf3 Nc5 20. Bb5+ Kf7 21.
Rhe1 Rab8 22. Bd3 Na4 23. Bd2 Bc3 24. Re3 Bg7 25. Rf1 Bf6 26. Nd4 e5 27. Bc4+
Kg7 28. Ne6+ Kh7 29. Rh3 g5 30. Nc7 Rhc8 31. Bd3+ Kg7 32. Nd5 Rc5 33. Nxf6 exf6
34. Rhf3 d5 35. Rxf6 Rc7 36. Rg6+ Kh8 37. Rxh6+ Kg8 38. Bf5 Nb6 39. Ba5 Rf7 40.
Bxb6 axb6 41. Rg6+ Kf8 42. Rxg5 e4 43. Rg6 e3 44. Rd6 e2 45. Re1 Re7 46. Rxd5 b5
47. Kc1 Kg7 48. Kd2 {Black resigns} 1-0  aics%

[Event "Team 45 45 League T30"]
[Site "Internet Chess Club"]
[Date "2006.04.30"]
[Round "6"]
[White "C-Jones"]
[Black "LaskerFan"]
[Result "1-0"]
[WhiteElo "1606"]
[BlackElo "1417"]
[TimeControl "2700+45"]

1. e4 e5 2. Nf3 Nc6 3. Bb5 Bc5 4. O-O Nf6 5. d3 d6 6. h3 O-O 7. a3 Qe7 8. Re1
Nd7 9. Nc3 Nb6 10. Bxc6 bxc6 11. b4 Bd4 12. Nxd4 exd4 13. Ne2 c5 14. bxc5 dxc5
15. a4 a5 16. Ba3 Nxa4 17. Nxd4 Qe5 18. Nb3 Be6 19. Bxc5 Bxb3 20. Bxf8 Rxf8 21.
cxb3 Nc3 22. d4 Qf6 23. Qd2 {Black resigns} 1-0  aics%

[Event "Team 45 45 League T30"]
[Site "Internet Chess Club"]
[Date "2006.04.28"]
[Round "6"]
[White "Gomer"]
[Black "PostMike"]
[Result "1-0"]
[WhiteElo "1240"]
[BlackElo "1489"]
[TimeControl "2700+45"]

1. e4 c5 2. Bc4 Nc6 3. Nc3 Nf6 4. d3 Na5 5. Bb5 a6 6. Ba4 b5 7. Bb3 Nxb3 8. axb3
d6 9. f4 g6 10. Nf3 Bg7 11. O-O O-O 12. Nh4 e6 13. f5 exf5 14. exf5 Bb7 15. fxg6
fxg6 16. Ne2 Nh5 17. Nf3 Qb6 18. c4 d5 19. Ng5 Rxf1+ 20. Qxf1 Rf8 21. Bf4 Nxf4
22. Nxf4 Bxb2 23. Rb1 Bd4+ 24. Kh1 Rf6 25. Re1 dxc4 26. Re6 Rxe6 27. Nfxe6 Bg7
28. Qf7+ {Black resigns} 1-0  aics%

[Event "Team 45 45 League T30"]
[Site "Internet Chess Club"]
[Date "2006.05.04"]
[Round "6"]
[White "GolferBob"]
[Black "calily"]
[Result "1/2-1/2"]
[WhiteElo "1679"]
[BlackElo "1620"]
[TimeControl "2700+45"]

1. d4 d5 2. Bf4 Nf6 3. e3 e6 4. Bd3 Bd6 5. c3 O-O 6. Nf3 c5 7. Nbd2 Nc6 8. Bxd6
Qxd6 9. O-O Re8 10. Re1 e5 11. dxe5 Nxe5 12. Nxe5 Rxe5 13. Nf3 Bg4 14. Be2 Ree8
15. a3 a5 16. a4 Rad8 17. Nd2 Bxe2 18. Qxe2 Ne4 19. Nxe4 dxe4 20. Rad1 Qb6 21.
Qc2 Rd6 22. Rxd6 Qxd6 23. Rd1 Qc6 24. c4 f5 25. Rd5 g6 26. b3 Kf7 27. Qd2 b6 28.
Rd6 Qc8 29. Rd7+ Kf6 30. h4 Re7 31. Rd8 Qc7 32. Qd5 Re6 33. Rd7 Qc6 34. Qxc6
Rxc6 35. Rxh7 Rd6 36. Rb7 Ke5 37. g3 Ke6 38. Kg2 Ke5 39. Re7+ Kf6 40. Rb7 Ke5
{Game drawn by mutual agreement} 1/2-1/2  aics%  Tomate(71): no, nunca estuve en
a21 aics%

[Event "Team 45 45 League T30"]
[Site "Internet Chess Club"]
[Date "2006.04.29"]
[Round "6"]
[White "stan194803"]
[Black "egd01"]
[Result "0-1"]
[WhiteElo "1377"]
[BlackElo "1627"]
[TimeControl "2700+45"]

1. e4 c5 2. Nf3 d6 3. Nc3 a6 4. Be2 Nc6 5. O-O e6 6. d3 Be7 7. Be3 Nf6 8. h3 b5
9. a3 Bb7 10. Rc1 O-O 11. b3 Qa5 12. a4 b4 13. Nb1 Qc7 14. Nbd2 d5 15. Ng5 d4
16. Nxe6 fxe6 17. Bg5 Nd7 18. Bxe7 Nxe7 19. Bg4 e5 20. Be6+ Kh8 21. Nc4 Rf6 22.
Bxd7 Qxd7 23. Nb6 Rxb6 24. Qh5 Rg6 25. Kh1 Qe6 26. f4 Rh6 27. Qf3 exf4 28. Qxf4
Rf6 29. Qc7 Bc6 30. Rxf6 Qxf6 31. Kg1 Rf8 32. Qg3 Qf4 {White resigns} 0-1  aics%

[Event "Team 45 45 League T30"]
[Site "Internet Chess Club"]
[Date "2006.04.27"]
[Round "6"]
[White "blancaas"]
[Black "Hastings"]
[Result "0-1"]
[WhiteElo "1607"]
[BlackElo "1379"]
[TimeControl "2700+45"]

1. d4 Nf6 2. c4 c5 3. d5 b5 4. cxb5 a6 5. bxa6 Bxa6 6. Nc3 d6 7. Bd2 g6 8. a3
Bg7 9. b4 Bc4 10. Qc1 cxb4 11. axb4 Rxa1 12. Qxa1 Nxd5 13. Qa4+ Qd7 14. Qxd7+
Nxd7 15. Nxd5 Bxd5 16. e3 O-O 17. Be2 Ra8 18. Nf3 Ra2 19. Bd1 Ne5 20. Nxe5 Bxe5
21. f3 Bc4 22. Be2 Ra1+ 23. Bd1 Bb3 24. Ke2 Bc4+ 25. Ke1 f5 26. Kf2 Ra2 27. Ke1
Kf7 28. b5 Rb2 29. g3 Rxb5 30. Rg1 Rb1 31. Kf2 Rb2 32. Ke1 Ra2 33. Rg2 Ra1 34.
Rg1 Bb3 35. Ke2 Rxd1 36. Rxd1 Bxd1+ 37. Kxd1 e6 38. Kc2 Bf6 39. Kd3 d5 40. h3 e5
41. e4 d4 42. Kc4 Ke6 43. f4 fxe4 44. fxe5 Bxe5 45. Bf4 Bxf4 46. gxf4 Kf5 {White
resigns} 0-1  aics%

[Event "Team 45 45 League T30"]
[Site "Internet Chess Club"]
[Date "2006.04.29"]
[Round "6"]
[White "SandiaCaveMan"]
[Black "rgadoury"]
[Result "1-0"]
[WhiteElo "1361"]
[BlackElo "1300"]
[TimeControl "2700+45"]

1. d4 d5 2. e3 Nf6 3. Nf3 Bg4 4. Nbd2 e6 5. c3 a6 6. Qc2 Nc6 7. h3 Bf5 8. Qd1 h6
9. Nh4 Bh7 10. Be2 Be7 11. O-O O-O 12. f4 Ne4 13. Nxe4 Bxe4 14. Nf3 f5 15. Nd2
b5 16. Nxe4 dxe4 17. b4 Rb8 18. a4 Bh4 19. axb5 axb5 20. Ra6 Qd7 21. Qb3 Kh8 22.
c4 bxc4 23. Qxc4 Rb6 24. Rxb6 cxb6 25. Ba3 Be7 26. Rb1 Rc8 27. Qb5 Ra8 28. Rb3
Qd5 29. Qxd5 exd5 30. Bb5 Nd8 31. Bd7 g6 32. g4 Ra7 33. Bb5 Rc7 34. gxf5 gxf5
35. Bb2 Kg7 36. Rc3 Rxc3 37. Bxc3 h5 38. Be8 h4 39. Ba4 Kf6 40. b5 Nf7 41. Kf2
Nd6 42. Ke2 Nc4 43. Bb3 Ke6 44. Bxc4 dxc4 45. Kd2 Kd5 46. Kc2 Bd6 47. Be1 Be7
48. Kc3 Bf6 49. Bd2 Be7 50. Bc1 Bf8 51. Bb2 Be7 52. Bc1 Bf8 53. Bd2 Be7 54. Be1
Bf6 55. Kb4 Be7+ 56. Ka4 Bf6 57. Bb4 Bd8 58. Ka3 Ke6 59. Kb2 Kd5 60. Kc3 Bf6 61.
Bf8 Bd8 62. Bh6 Be7 63. Bg5 Ke6 64. Bxe7 Kxe7 65. Kxc4 Kd6 66. d5 Kc7 67. Kd4
Kd6 68. Kc4 Kc7 69. Kc3 Kd6 70. Kd4 Ke7 71. Ke5 Kd7 72. Kxf5 Kd6 73. Kxe4 Kc5
74. f5 Kxb5 75. f6 {Black resigns} 1-0  aics%

[Event "Team 45 45 League T30"]
[Site "Internet Chess Club"]
[Date "2006.04.28"]
[Round "6"]
[White "schweppz"]
[Black "Traho"]
[Result "1-0"]
[WhiteElo "1284"]
[BlackElo "1353"]
[TimeControl "2700+45"]

1. e4 e5 2. Nf3 Nc6 3. d4 exd4 4. c3 dxc3 5. Nxc3 Bb4 6. Bc4 Bxc3+ 7. bxc3 d6 8.
Ng5 Ne5 9. Bb3 h6 10. Nf3 Qf6 11. Nxe5 Qxe5 12. Qf3 Nf6 13. O-O Bg4 14. Qd3 O-O
15. f4 Qxe4 16. Qg3 Rab8 17. Bb2 Rbe8 18. c4 Qg6 19. Bxf6 Be2 20. Qxg6 fxg6 21.
c5+ Kh8 22. Bxg7+ Kxg7 23. Rfe1 dxc5 24. g3 b6 25. Kf2 Bb5 26. a4 Bc6 27. Re3
Rxe3 28. Kxe3 Re8+ 29. Kd3 Rd8+ 30. Kc2 Bd5 31. Rd1 c6 32. Kc3 Kf8 33. Bc2 Rd6
34. Rd2 Re6 35. f5 Re3+ 36. Kb2 gxf5 37. Bxf5 Rb3+ 38. Kc1 Ra3 39. Rf2 Ra1+ 40.
Bb1+ Kg7 41. Rf4 h5 42. Kb2 Rxb1+ 43. Kxb1 c4 44. Kc2 Kg6 45. Kc3 a5 46. Kd4 Kg5
47. Rf8 Be6 48. Rb8 c5+ 49. Ke3 Bd7 50. Rxb6 Bxa4 51. Ra6 c3 52. Rxa5 c2 53. Kd2
Bb3 54. Rxc5+ Kg4 55. Rc3 Be6 56. Rxc2 h4 57. gxh4 Kxh4 58. Ke3 Bf7 59. Kf4 Bg8
60. Rc8 Bf7 61. Rh8+ Bh5 62. h3 Kxh3 {Black resigns} 1-0  aics%

[Event "Team 45 45 League T30"]
[Site "Internet Chess Club"]
[Date "2006.05.03"]
[Round "6"]
[White "littleboo"]
[Black "gatoruss"]
[Result "1-0"]
[WhiteElo "1288"]
[BlackElo "1258"]
[TimeControl "2700+45"]

1. e4 c5 2. Nf3 d6 3. Nc3 Bg4 4. d4 cxd4 5. Bb5+ Nc6 6. Qxd4 Bxf3 7. gxf3 e5 8.
Qa4 Ne7 9. Be3 a6 10. Nd5 axb5 11. Qxa8 Qxa8 12. Nc7+ Kd7 13. Nxa8 Nb4 14. Kd2
f5 15. c3 f4 16. cxb4 fxe3+ 17. fxe3 Nc6 18. Nb6+ Ke6 19. Nd5 g6 20. Rac1 Bh6
21. Nc7+ Kf7 22. Nxb5 Nxb4 23. a3 Nc6 24. Nxd6+ Ke6 25. Nxb7 Nd4 26. Nc5+ Kf7
27. Kd3 Nxf3 28. Rhf1 {Black resigns} 1-0  aics%

[Event "Team 45 45 League T30"]
[Site "Internet Chess Club"]
[Date "2006.04.27"]
[Round "6"]
[White "Mutaant"]
[Black "jientho"]
[Result "1-0"]
[WhiteElo "1446"]
[BlackElo "1506"]
[TimeControl "2700+45"]

1. e4 e5 2. Nf3 Nf6 3. Nc3 Bb4 4. a4 c6 5. Na2 Bc5 6. Bc4 d5 7. exd5 cxd5 8.
Bb5+ Bd7 9. Nxe5 Bxb5 10. axb5 Qa5 11. Qe2 O-O 12. O-O Re8 13. c3 Nbd7 14. b4
Rxe5 15. Qxe5 Qxb5 16. Qf5 Bd6 17. d3 g6 18. Qf3 Ne5 19. Qxf6 Qb6 20. Bf4 Re8
21. Rae1 Re6 22. Qg5 Nxd3 23. Rxe6 fxe6 24. Bxd6 Qxd6 25. Nc1 Nf4 26. Qg4 Qe5
27. Qg3 Qe4 28. Qf3 Qe5 29. Nd3 Nxd3 30. Qxd3 g5 31. Qe3 Qf6 32. Re1 Kf7 33. h3
h5 34. Qxa7 Qxc3 35. Qxb7+ Kf6 36. Kf1 Qc4+ 37. Kg1 Qc3 38. Re3 Qc1+ 39. Kh2 h4
40. Qb6 Qc8 41. Qd4+ Kf5 42. Qe5+ Kg6 43. Qxe6+ Qxe6 44. Rxe6+ Kf7 45. Re1 Kf6
46. b5 {Black resigns} 1-0  aics%

[Event "Team 45 45 League T30"]
[Site "Internet Chess Club"]
[Date "2006.04.28"]
[Round "6"]
[White "Knight-Rookie"]
[Black "JLMOE"]
[Result "0-1"]
[WhiteElo "1428"]
[BlackElo "1483"]
[TimeControl "2700+45"]

1. f4 Nf6 2. Nf3 b6 3. e3 Bb7 4. Be2 e6 5. O-O Be7 6. b3 Nd5 7. c4 Bf6 8. Nd4
Nb4 9. a3 N4c6 10. Bb2 Nxd4 11. Bxd4 Nc6 12. Bxf6 Qxf6 13. Nc3 O-O 14. d4 Ne7
15. Bd3 Nf5 16. Qe2 a6 17. Bxf5 Qxf5 18. e4 Qf6 19. d5 Qxc3 {White resigns} 0-1 
aics%

[Event "Team 45 45 League T30"]
[Site "Internet Chess Club"]
[Date "2006.04.30"]
[Round "6"]
[White "PaleMorningDun"]
[Black "wellfred"]
[Result "1-0"]
[WhiteElo "1325"]
[BlackElo "1153"]
[TimeControl "2700+45"]

1. e4 e5 2. Nf3 Nc6 3. Bb5 Nd4 4. Nxd4 exd4 5. d3 a6 6. Ba4 Bc5 7. Bf4 Ne7 8.
Nd2 O-O 9. O-O d6 10. Qf3 Bd7 11. Bb3 Ng6 12. Bg3 Be6 13. Bxe6 fxe6 14. Qe2 e5
15. Nb3 Bb6 16. Qd2 a5 17. f4 exf4 18. Bxf4 Nxf4 19. Rxf4 Qe7 20. Raf1 a4 21.
Nc1 Ba5 22. Qd1 Rxf4 23. Rxf4 c5 24. Qf1 Bd2 25. Rf3 Be3+ 26. Kh1 Rf8 27. Rxf8+
Qxf8 28. Qxf8+ Kxf8 29. Ne2 b5 30. g3 c4 31. Nf4 Bc1 32. b3 Kf7 33. Nd5 cxd3 34.
cxd3 axb3 35. axb3 h6 36. Nc7 b4 37. Nb5 Bb2 38. Nxd6+ Ke6 39. Nb5 Kf6 40. Kg2
Kg5 41. Kf3 h5 42. Nc7 h4 43. Nd5 h3 44. Nxb4 Ba3 45. Nd5 Bd6 46. b4 g6 47. b5
Kh5 48. b6 g5 49. b7 g4+ 50. Kf2 Bxg3+ 51. hxg3 h2 52. b8=Q h1=Q 53. Qh8+ Kg5
54. Qxh1 Kg6 55. Qa1 Kg5 56. Qxd4 Kg6 57. Qf6+ Kh5 58. Nf4# {Black checkmated}
1-0  aics%

[Event "Team 45 45 League T30"]
[Site "Internet Chess Club"]
[Date "2006.04.29"]
[Round "6"]
[White "slakkjaw"]
[Black "dcuprill"]
[Result "1-0"]
[WhiteElo "1257"]
[BlackElo "1154"]
[TimeControl "2700+45"]

1. e4 e5 2. Nf3 Nc6 3. Bc4 Nf6 4. d3 Bc5 5. Bg5 O-O 6. a3 d6 7. Qd2 Nd4 8. Nc3
Bg4 9. Nh4 h6 10. Be3 c6 11. h3 Bh5 12. g4 Nxe4 13. Nxe4 Qxh4 14. O-O-O Bg6 15.
Bxd4 exd4 16. f4 Bxe4 17. dxe4 b5 18. Bd3 Rab8 19. b4 Bb6 20. Rdg1 Qe7 21. h4 c5
22. c3 cxb4 23. cxb4 Rbc8+ 24. Kd1 Rc3 25. g5 h5 26. Ke2 Rxa3 27. Kf3 d5 28. e5
Qc7 29. Rc1 Qd7 30. Rhg1 Qh3+ 31. Rg3 Qxh4 32. Kg2 {Black resigns} 1-0  aics%

[Event "Team 45 45 League T30"]
[Site "Internet Chess Club"]
[Date "2006.05.01"]
[Round "6"]
[White "Amauta"]
[Black "DarrkKnight"]
[Result "1-0"]
[WhiteElo "1955"]
[BlackElo "1842"]
[TimeControl "2700+45"]

1. e4 c6 2. d4 d5 3. exd5 cxd5 4. Bd3 Nc6 5. c3 Qb6 6. Nf3 Bg4 7. O-O e6 8. h3
Bh5 9. Nbd2 Nf6 10. Re1 Be7 11. Nf1 Qc7 12. Ng3 Bg6 13. Bg5 Bd6 14. Nf5 Bxf5 15.
Bxf5 O-O-O 16. Bd3 Kb8 17. b4 Rc8 18. a4 Nd7 19. a5 f6 20. Be3 Ne7 21. a6 b6 22.
Qa4 e5 23. Bb5 Nf8 24. dxe5 fxe5 25. c4 dxc4 26. Rac1 c3 27. Bd3 Nd5 28. Bf5 Rd8
29. Bg5 Nf6 30. Re3 Qe7 31. Rexc3 Ne6 32. Qc6 Nc7 {Black resigns} 1-0  aics%

[Event "Team 45 45 League T30"]
[Site "Internet Chess Club"]
[Date "2006.04.29"]
[Round "6"]
[White "Qualm"]
[Black "room-matt"]
[Result "1/2-1/2"]
[WhiteElo "1832"]
[BlackElo "1852"]
[TimeControl "2700+45"]

1. Nf3 Nf6 2. Nc3 d5 3. d4 e6 4. Ne5 Bd6 5. Bg5 h6 6. Bh4 Nbd7 7. Nxd7 Bxd7 8.
e4 dxe4 9. Nxe4 Be7 10. Bd3 Nxe4 11. Bxe7 Qxe7 12. Bxe4 Qb4+ 13. Qd2 Qxd2+ 14.
Kxd2 O-O-O 15. Rae1 Rhe8 16. f4 g6 17. Kc1 Bb5 18. c3 Bc4 19. Bb1 Bd5 20. Rhg1
h5 21. h4 b6 22. b4 {Game drawn by mutual agreement} 1/2-1/2  aics%

[Event "Team 45 45 League T30"]
[Site "Internet Chess Club"]
[Date "2006.04.30"]
[Round "6"]
[White "Simonside"]
[Black "buzzard"]
[Result "1/2-1/2"]
[WhiteElo "1881"]
[BlackElo "1700"]
[TimeControl "2700+45"]

1. c4 Nf6 2. Nc3 g6 3. g3 Bg7 4. Bg2 O-O 5. e3 c6 6. Nge2 d5 7. cxd5 cxd5 8. O-O
Bg4 9. h3 Bf5 10. d3 Qd7 11. Kh2 Nc6 12. a3 h5 13. e4 Be6 14. Bf4 h4 15. gxh4
Nh5 16. Bg3 Nxg3 17. fxg3 dxe4 18. dxe4 Rfd8 19. Qxd7 Rxd7 20. Rad1 Rad8 21.
Rxd7 Rxd7 22. Rd1 Rxd1 23. Nxd1 Bb3 24. Ndc3 Bc4 25. Nf4 e6 26. Bf3 Nd4 27. Bd1
b5 28. b3 Nxb3 29. Bxb3 Bxc3 30. Bd1 a5 31. h5 Kg7 32. hxg6 fxg6 33. Bc2 b4 34.
axb4 axb4 35. e5 b3 36. Bxg6 Bxe5 37. Bb1 Kf6 38. Kg2 Kg5 39. Kf3 Bd4 40. h4+
Kf6 41. g4 e5 42. Ne2 Bd5+ 43. Kg3 Be3 44. Nc3 Bf7 45. Ne4+ Ke6 46. g5 Kd5 47.
h5 Bf4+ 48. Kf2 Kd4 49. g6 Bc4 50. g7 Bh6 51. Nd6 Bxg7 52. Nf5+ Kc3 53. Nxg7
{Game drawn by mutual agreement} 1/2-1/2  aics%

[Event "Team 45 45 League T30"]
[Site "Internet Chess Club"]
[Date "2006.05.01"]
[Round "6"]
[White "Migs-19"]
[Black "bondguy01"]
[Result "1-0"]
[WhiteElo "1604"]
[BlackElo "1646"]
[TimeControl "2700+45"]

1. e4 e5 2. Nf3 Nc6 3. Bb5 a6 4. Ba4 Nf6 5. O-O Be7 6. d3 d6 7. Be3 b5 8. Bb3
Na5 9. Nbd2 Nxb3 10. axb3 O-O 11. h3 Bb7 12. Nh2 d5 13. exd5 Nxd5 14. Ng4 Nxe3
15. fxe3 Qd5 16. e4 Qd4+ 17. Kh1 Qxb2 18. Nf3 Bd6 19. Qd2 b4 20. Nh4 Be7 21. Nf5
Rae8 22. Nxe7+ Rxe7 23. Qxb4 c5 24. Qxc5 Ree8 25. Qc7 Bc8 26. Ne3 Qd4 27. Nd5
Be6 28. Ne7+ Kh8 29. Rxa6 Qe3 30. Nf5 Qg5 31. Rf3 g6 32. Nd6 Re7 33. Qc5 Kg7 34.
c4 Rd7 35. b4 Rdd8 36. b5 Qc1+ 37. Kh2 Qg5 38. Ra7 h5 39. Rc7 Ra8 40. b6 Ra2 41.
Rf2 Ra1 42. b7 h4 43. Rf3 Qc1 44. Qxe5+ Kh7 45. Qxa1 Qxa1 46. Nxf7 Bxf7 47.
Rcxf7+ Rxf7 48. Rxf7+ Kg8 49. b8=Q+ Kxf7 50. Qf4+ Kg7 51. Qxh4 Qe5+ 52. Qg3 Qd4
53. h4 {Black resigns} 1-0  aics%

[Event "Team 45 45 League T30"]
[Site "Internet Chess Club"]
[Date "2006.04.30"]
[Round "6"]
[White "alastorx"]
[Black "nightly"]
[Result "1-0"]
[WhiteElo "1806"]
[BlackElo "1909"]
[TimeControl "2700+45"]

1. d4 d5 2. Nf3 Nf6 3. e3 c5 4. c3 Qc7 5. Bd3 g6 6. O-O Bg7 7. Nbd2 O-O 8. Re1
Nbd7 9. e4 cxd4 10. cxd4 dxe4 11. Nxe4 Nxe4 12. Rxe4 Nf6 13. Bf4 Qd8 14. Re1 Nd5
15. Be5 f6 16. Bg3 Bg4 17. h3 Bxf3 18. Qxf3 Kh8 19. Rac1 Nb4 20. Be4 Qxd4 21.
Bxb7 Rad8 22. Rxe7 Qd2 23. Rcc7 Rg8 24. Rxg7 Rxg7 25. Qxf6 Rg8 26. Qxg7+ Rxg7
27. Rc8+ Rg8 28. Be5# {Black checkmated} 1-0  aics%

[Event "Team 45 45 League T30"]
[Site "Internet Chess Club"]
[Date "2006.05.02"]
[Round "6"]
[White "Rlopez"]
[Black "Egmont"]
[Result "0-1"]
[WhiteElo "1738"]
[BlackElo "1707"]
[TimeControl "2700+45"]

1. d4 f5 2. Bg5 h6 3. Bh4 g5 4. Bg3 Nf6 5. e3 Bg7 6. h4 d5 7. hxg5 hxg5 8. Rxh8+
Bxh8 9. Nh3 g4 10. Nf4 Ne4 11. Nd2 Nxg3 12. fxg3 Nd7 13. Bd3 Nf6 14. Qe2 Qd6 15.
O-O-O Bd7 16. Rh1 O-O-O 17. Nb3 Ne4 18. Bxe4 dxe4 19. Nc5 e5 20. Nh5 exd4 21.
exd4 Qxd4 22. Nb3 Qxb2+ 23. Kd1 Bb5+ {White resigns} 0-1  aics%

[Event "Team 45 45 League T30"]
[Site "Internet Chess Club"]
[Date "2006.04.30"]
[Round "6"]
[White "NFK"]
[Black "David-Carioca"]
[Result "0-1"]
[WhiteElo "1641"]
[BlackElo "1681"]
[TimeControl "2700+45"]

1. e4 e6 2. d4 d5 3. Nc3 Bb4 4. a3 Bxc3+ 5. bxc3 dxe4 6. Qg4 c6 7. Qxg7 Qf6 8.
Qxf6 Nxf6 9. Bg5 Nbd7 10. f3 Rg8 11. Bd2 Nb6 12. c4 Bd7 13. Ba5 Rg5 14. c5 Nbd5
15. c4 b6 16. Bd2 e3 17. Bc1 Nf4 18. g3 N4h5 19. Bxe3 Rg7 20. g4 Nxg4 21. fxg4
Rxg4 22. Be2 Re4 23. Kd2 Ng7 24. Bf3 Rh4 25. Kc3 Nf5 26. Bf2 Rh6 27. d5 cxd5 28.
cxd5 Rc8 29. Re1 bxc5 30. dxe6 Bxe6 31. Re5 Nd4 32. Bxd4 cxd4+ 33. Kxd4 Rh4+ 34.
Re4 Rh6 35. Bg4 Rc4+ 36. Kd3 Rxe4 37. Kxe4 Bxg4 38. h3 Bd1 39. h4 Ra6 40. Rh3
Re6+ 41. Kd5 Re1 42. Rg3 Kf8 43. Kc6 Re6+ 44. Kc7 a5 45. Rg5 a4 46. Rd5 Bb3 47.
Rh5 h6 48. Nh3 Kg7 49. Nf4 Re4 50. Ng2 Re2 51. Nf4 Ra2 52. Nd3 Bd1 53. Ra5 Rxa3
54. Nc5 Rc3 55. Kb6 a3 56. Ra7 Kg6 57. Ne4 Rb3+ 58. Kc5 Be2 59. Nd2 Rb2 60. Nc4
Rc2 61. Ra4 Rxc4+ {White resigns} 0-1  aics%

[Event "Team 45 45 League T30"]
[Site "Internet Chess Club"]
[Date "2006.04.30"]
[Round "6"]
[White "nanning"]
[Black "chinta"]
[Result "0-1"]
[WhiteElo "1527"]
[BlackElo "1589"]
[TimeControl "2700+45"]

1. d4 e6 2. c4 Nf6 3. Nf3 b6 4. Bg5 Be7 5. Nc3 Bb7 6. e3 O-O 7. Be2 d5 8. Bxf6
Bxf6 9. cxd5 exd5 10. O-O a6 11. Qb3 Qd6 12. Rac1 Nd7 13. h3 Be7 14. Rfd1 Nf6
15. Ne5 c5 16. Ng4 c4 17. Nxf6+ Qxf6 18. Qc2 Rad8 19. Bf3 Qh4 20. Qf5 Bc8 21.
Qh5 Qf6 22. Nxd5 Rxd5 23. Bxd5 g6 24. Qf3 Qd6 25. Rxc4 Bf5 26. e4 Bd7 27. e5 Qb8
28. Bc6 Be6 29. Bd5 b5 30. Rc2 Bf5 31. Be4 Be6 32. d5 Qb6 33. dxe6 fxe6 34. Qg4
Bc5 35. Rxc5 Qxc5 36. Qxe6+ Kh8 37. Rd2 Qc1+ 38. Kh2 Qxd2 39. f3 Qf4+ 40. Kg1
Qc1+ 41. Kf2 Qxb2+ 42. Kg3 Qd2 43. Qd6 Qf4+ 44. Kf2 Kg7 45. Qd5 Qh4+ 46. Kf1 Rd8
47. Qb7+ Kh6 48. Qf7 Rd1+ {White resigns} 0-1  aics%

[Event "Team 45 45 League T30"]
[Site "Internet Chess Club"]
[Date "2006.04.29"]
[Round "6"]
[White "Tomate"]
[Black "Justme"]
[Result "0-1"]
[WhiteElo "1382"]
[BlackElo "1399"]
[TimeControl "2700+45"]

1. d4 d5 2. c4 c6 3. Nc3 Nf6 4. e3 Bd7 5. Nf3 h6 6. cxd5 cxd5 7. Bd3 Nc6 8. a3
a6 9. O-O g5 10. Bd2 e6 11. Rc1 Bd6 12. g3 e5 13. dxe5 Bxe5 14. Re1 Bg4 15. Be2
h5 16. Nxg5 Qd7 17. f3 h4 18. f4 Bc7 19. Bxg4 Nxg4 20. Re2 O-O-O 21. Na4 hxg3
22. hxg3 f6 23. Nf3 Rh3 24. Rg2 Rdh8 25. Nh4 Qg7 26. Qf3 R8xh4 27. Kf1 Qf7 28.
Qe2 Rh1+ 29. Rg1 Qh5 30. gxh4 Nh2+ 31. Kf2 Qxh4+ 32. Kg2 Rxg1+ 33. Rxg1 Qh7 34.
Kf2 f5 35. Ke1 Ng4 36. Kd1 d4 37. e4 d3 38. Qg2 Qf7 39. exf5 Qb3+ 40. Kc1 Qc2#
{White checkmated} 0-1  aics%

[Event "Team 45 45 League T30"]
[Site "Internet Chess Club"]
[Date "2006.05.01"]
[Round "6"]
[White "Gomer"]
[Black "Visin"]
[Result "0-1"]
[WhiteElo "1227"]
[BlackElo "1318"]
[TimeControl "2700+45"]

1. e4 e5 2. Bc4 Nf6 3. d3 Nc6 4. Nc3 Bb4 5. f4 d6 6. Nf3 Bg4 7. O-O Nd4 8. f5
Bc5 9. Kh1 Bxf3 10. Rxf3 Nxf3 11. Qxf3 c6 12. Bg5 h6 13. Bxf6 Qxf6 14. Qh5 g6
15. fxg6 fxg6 16. Qe2 O-O-O 17. Rf1 Qg5 18. a3 Rhf8 19. Rb1 Rf2 20. Be6+ Kb8 21.
Qg4 Rdf8 22. h3 Rf1+ 23. Kh2 Qf4+ 24. Qxf4 R1xf4 25. b4 Bd4 26. Ne2 Rf1 27. Rb3
h5 28. Nxd4 exd4 29. c3 Rd1 30. cxd4 Rff1 31. d5 h4 32. g4 Rf2# {White
checkmated} 0-1  aics%  spaceibiza(71): k duro es carlsen en blitz aics%

[Event "Team 45 45 League T30"]
[Site "Internet Chess Club"]
[Date "2006.04.28"]
[Round "6"]
[White "Dalcon"]
[Black "grapes"]
[Result "1-0"]
[WhiteElo "1323"]
[BlackElo "1287"]
[TimeControl "2700+45"]

1. e4 e5 2. Nf3 Nc6 3. Bb5 a6 4. Ba4 b5 5. Bb3 Nf6 6. d3 d5 7. exd5 Nxd5 8. O-O
Bc5 9. Re1 Bg4 10. h3 Bh5 11. g4 Bg6 12. Nxe5 Nce7 13. Nc3 O-O 14. Nxd5 Nxd5 15.
Qf3 c6 16. Nxc6 Qb6 17. Bxd5 {Black resigns} 1-0  aics%

[Event "Team 45 45 League T30"]
[Site "Internet Chess Club"]
[Date "2006.05.01"]
[Round "6"]
[White "Prop"]
[Black "GLuft"]
[Result "0-1"]
[WhiteElo "1187"]
[BlackElo "1238"]
[TimeControl "2700+45"]

1. e4 e6 2. Nf3 d5 3. Nc3 d4 4. Ne2 c5 5. c3 d3 6. Nf4 c4 7. Qa4+ Nc6 8. Qxc4
Nf6 9. Nxd3 Be7 10. Nde5 Bd7 11. Nxd7 Qxd7 12. e5 Nd5 13. d4 Rc8 14. Qd3 a6 15.
Qc2 Ncb4 16. Qb1 Nc6 17. Bd3 h6 18. O-O f6 19. Bg6+ Kf8 20. Re1 f5 21. Bd2 Qd8
22. b4 Bg5 23. c4 Nf4 24. Bxf5 Nxd4 25. Nxd4 Qxd4 26. Bxf4 Qxf4 27. Bxe6 Rd8 28.
Qc2 Rd2 29. Qf5+ Qxf5 30. Bxf5 Ke7 31. e6 Rhd8 32. Bg4 R8d6 33. g3 Bf6 34. Rab1
Rxa2 35. c5 Rd4 36. Bf3 Rdd2 37. Re2 Rxe2 38. Bxb7 Rxf2 39. Bd5 Rad2 40. Rf1 Bd4
41. Rxf2 Rxf2 42. Kh1 Rb2 43. c6 Bb6 44. Bc4 Rxb4 45. Bxa6 Kxe6 46. Kg2 g5 47.
Kf3 Ke5 48. g4 Rf4+ 49. Kg3 Bc7 50. Be2 Kd6 51. Bf3 Rc4 52. h3 Kc5+ 53. Kf2 Rc3
54. Ke2 Kd4 55. Bg2 Rc2+ 56. Kf1 Ke3 57. Kg1 Kf4 58. Kf1 Kg3 59. Be4 Rc1+ 60.
Ke2 Kxh3 61. Kd2 Rg1 62. Kd3 Kxg4 63. Kd4 Kf4 64. Bg6 Re1 65. Kc4 Re5 66. Kd4 g4
67. Bc2 g3 {White resigns} 0-1  aics%